 Dungeon Crawl Stone Soup version 0.20-a0-1016-g241539b (webtiles) character file.

56 FastMan the Skirmisher (level 3, -3/20 HPs)
             Began as a Vine Stalker Fighter on Apr 16, 2017.
             Slain by a gnoll (4 damage)
             ... on level 2 of the Dungeon.
             The game lasted 00:00:32 (934 turns).

FastMan the Skirmisher (Vine Stalker Fighter)        Turns: 934, Time: 00:00:33

Health: -3/20      AC:  6    Str: 18    XL:     3   Next: 95%
Magic:  0/4        EV:  7    Int:  8    God:
Gold:   13         SH:  9    Dex: 14    Spells: 2/2 levels left

rFire    . . .     SeeInvis .   a - +0 war axe
rCold    . . .     Gourm    .   c - +0 shield
rNeg     . . .     Faith    .   b - +0 scale mail
rPois    .         Spirit   +   (no helmet)
rElec    .         Reflect  .   (no cloak)
rCorr    .         Harm     .   (no gloves)
MR       .....                  (no boots)
Stlth    ..........             (no amulet)
Regen    0.1/turn               (no ring)
MPRegen  0.1/turn               (no ring)

@: no status effects
A: fangs 2, magic shield, antimagic bite, no potion heal 3, rot immunity
a: no special abilities


You were on level 2 of the Dungeon.
You were not hungry.

You visited 1 branch of the dungeon, and saw 2 of its levels.

You collected 13 gold pieces.

Inventory:

Hand Weapons
 a - a +0 war axe (weapon)
Armour
 b - a +0 scale mail (worn)
 c - a +0 shield (worn)
Scrolls
 i - 5 scrolls of remove curse {unknown}
 k - a scroll of teleportation {unknown}
Potions
 d - a potion of might {@q4}
 e - a potion of cancellation {unknown}
 h - a potion of heal wounds {unknown}
 j - a potion of mutation {unknown}
Comestibles
 f - a bread ration {@e1}
 g - 6 chunks of flesh


   Skills:
 + Level 3.2 Fighting
 * Level 2.7 Axes
 - Level 2.4 Armour
 + Level 3.1 Shields


You had 2 spell levels left.
You didn't know any spells.

Dungeon Overview and Level Annotations

Branches:
Dungeon (2/15)

Altars:


Innate Abilities, Weirdness & Mutations

You have extremely sharp teeth.
When hurt, damage is shared between your health and your magic reserves.
Your bite disrupts and absorbs the magic of your enemies.
Potions cannot restore your health.
You are immune to rotting.


Message History

You kill the quokka!
The gnoll closely misses you.
You hit the gnoll but do no damage. The gnoll closely misses you.
You block the gnoll's attack.
The gnoll hits you from afar with a spear.
You closely miss the gnoll. Your bite misses the gnoll.
The gnoll hits you but does no damage.
The gnoll hits you from afar with a spear.
* * * LOW HITPOINT WARNING * * *
The gnoll barely misses you.
You hit the gnoll but do no damage. The gnoll hits you but does no damage.
The gnoll closely misses you.
You hit the gnoll. You bite the gnoll. You drain its power.
You feel invigorated.
The gnoll is moderately wounded.
You block the gnoll's attack. x2
The gnoll hits you from afar with a spear.
* * * LOW HITPOINT WARNING * * *
The gnoll hits you.
You die...

##################
.................###########
#>.......................#####
#.###.####....................
#.#...# #.###.#########.#####
#.#.#.# #.# #.# #..#
..##.#.#.####.###<##########.####
....)........ggg@................
..####.#.####.##.....รท.)####..###
#.#.# #.##........# ##.#.. #.#..
............# #....
#.#......##........# ##...
#..................# #...
###......##........######..#
#......##........##...##.#
#........##.......


You could see 2 gnolls and a hobgoblin.

Vanquished Creatures
  A gnoll (D:2)
  An adder (D:2)
  A worm (D:2)
  2 dart slugs
  2 leopard geckos
  4 bats
  2 giant cockroaches
  2 goblins (D:1)
  3 hobgoblins
  4 kobolds
  A quokka (D:2)
  A ball python (D:2)
  3 rats
27 creatures vanquished.

Notes
Turn   | Place    | Note
-------+----------+-------------------------------------------
     0 | D:1      | FastMan the Vine Stalker Fighter began the quest for the Orb.
     0 | D:1      | Reached XP level 1. HP: 11/11 MP: 2/2
    99 | D:1      | Reached XP level 2. HP: 14/16 MP: 3/3
   481 | D:2      | Reached XP level 3. HP: 18/20 MP: 2/4
   934 | D:2      | HP: 1/20 [gnoll/spear (4)]
   934 | D:2      | Slain by a gnoll

Vault maps used:
D:1:      mrwooster_arrival_arrow, minmay_small_reverse_x

Skill      XL: |  1  2 |
---------------+-------+-----
Axes           | 2 |  2.7
Fighting       | 3 |  3.2
Shields        | 3 |  3.1
Armour         | |  2.4

Action                   || total
-------------------------++-------
Melee: War axe           ||    79
       Bite              ||    18
Armor: Scale mail        ||    34
Dodge: Dodged            ||    37
Block: Shield            ||    49
